 Dungeon Crawl Stone Soup version 0.29.1-15-g9cfb28693d (webtiles) character file.

Game seed: 7901441526440079062

18 hawla the Firebug (level 3, -6/26 HPs)
             Began as a Meteoran Fire Elementalist on Mar 16, 2023.
             Mangled by a gnoll
             ... wielding a +0 halberd
              (8 damage)
             ... on level 2 of the Dungeon.
             The game lasted 00:01:56 (231 turns).

hawla the Firebug (Meteoran Fire Elementalist)       Turns: 231, Time: 00:01:56

Health: -6/26      AC:  2    Str:  9    XL:     3   Next: 8%
Magic:  6/8        EV: 13    Int: 18    God:
Gold:   0          SH:  0    Dex: 15    Spells: 4/7 levels left

rFire   . . .      SeeInvis .   d - +5 scythe "Finisher" {speed, eviscerate}
rCold   . . .      Faith    .   (shield currently unavailable)
rNeg    . . .      Spirit   .   a - +0 robe
rPois   .          Reflect  .   (no helmet)
rElec   .          Harm     .   (no cloak)
rCorr   .          Rampage  .   (no gloves)
Will    .....                   (no boots)
Stlth   +.........              (no amulet)
HPRegen 0.08/turn               (no ring)
MPRegen 0.11/turn               (no ring)

@: glowing
A: sense surroundings 1, otherworldly, glowing, explore regen
a: no special abilities


You were on level 2 of the Dungeon.
You visited 1 branch of the dungeon, and saw 2 of its levels.

Inventory:

Hand Weapons
 d - the +5 scythe "Finisher" (weapon) {speed, eviscerate}
   (You found it on level 2 of the Dungeon)

   Attacks with this weapon are significantly faster.
   It may eviscerate those it strikes, slaying them instantly, with a decreasing
   chance against stronger foes.
Armour
 a - a +0 robe (worn)
Potions
 b - a potion of magic
 c - a potion of curing {unknown}


   Skills:
 + Level 2.9 Dodging
 - Level 1.4 Stealth
 + Level 2.9 Spellcasting
 + Level 1.3 Conjurations
 + Level 4.2 Fire Magic


You had 4 spell levels left.
You knew the following spells:

 Your Spells              Type           Power      Damage    Failure   Level
a - Foxfire               Conj/Fire      48%        2x1d6     5%          1
b - Scorch                Fire           34%        2d7       4%          2

Your spell library contained the following spells:

 Spells                   Type           Power      Damage    Failure   Level
 Conjure Flame            Conj/Fire      12%        6-21      16%         3
 Inner Flame              Hex/Fire       10%        N/A       21%         3
 Flame Wave               Conj/Fire      12%        2d6       45%         4


Dungeon Overview and Level Annotations

Branches:
Dungeon (2/15) Zot: 967

Altars:


Innate Abilities, Weirdness & Mutations

You passively map a small area around you.
You are easily found by Zot.
You glow in the dark.
You regain HP and MP as you explore.


Message History

d - the +5 scythe "Finisher" (weapon)
{speed, eviscerate} Setting a skill training target for Polearms at 26.0.
Found a robe.
A gnoll comes into view. It is wielding a +0 spear.
The gnoll shouts!
A gnoll comes into view. It is wielding a +0 spear.
Found 7 gold pieces.
Found a stone staircase leading down.
The gnoll shouts!
You hear a shout!
The gnoll moves out of view.
A gnoll comes into view. It is wielding a +0 halberd.
You reach to attack!
The gnoll shouts!
You puncture the gnoll!
The gnoll is heavily wounded.
A goblin comes into view. It is wielding a +0 club.
The gnoll misses you.
You reach to attack!
You closely miss the gnoll.
The gnoll is heavily wounded.
The goblin unwields a +0 club.
The goblin wields a +0 sling.
The goblin shoots a sling bullet.
The sling bullet barely misses you. The gnoll barely misses you.
The gnoll closely misses you.
You reach to attack!
You barely miss the gnoll.
The gnoll is heavily wounded.
The goblin shoots a sling bullet.
The sling bullet hits you.
The goblin shoots a sling bullet.
The sling bullet hits you.
You reach to attack!
You closely miss the gnoll.
Casting: Foxfire (safe; 5% risk of failure)
Confirm with . or Enter, or press ? or * to list all spells.
Flames lash the gnoll.
The gnoll is moderately wounded.
The gnoll's fire resistance burns away.
A hobgoblin comes into view.
The gnoll hits you from afar with a +0 spear.
The gnoll barely misses you.
You aren't carrying any scrolls.
Unknown command.
The gnoll hits you from afar with a +0 spear. x2
* * * LOW HITPOINT WARNING * * *
The gnoll hits you with a +0 halberd!
You die...

.# ## , * *
..#..., * , ,$>...
, * *#.#.# * , ,
#.#g# * , * , , *
#g..# ,, ,
...#####gg.# ** ,
......^@...#.#
......!......# *
.......#.#######.#
.......#....[....#
###g........#####
, , ...####.#..#
,, , ....
#.#.#####.# ...,
#.........#, *
#.#.#######


You could see 3 gnolls, a hobgoblin and a goblin.

Vanquished Creatures
  3 bats
  An endoplasm (D:1)
  A hobgoblin (D:1)
  2 kobolds (D:1)
  5 ball pythons (D:1)
  A frilled lizard (D:1)
  5 goblins
18 creatures vanquished.

Vanquished Creatures (others)
  37 foxfires
37 creatures vanquished.

Grand Total: 55 creatures vanquished

Notes
Turn   | Place    | Note
-------+----------+-------------------------------------------
     0 | D:1      | hawla the Meteoran Fire Elementalist began the quest for
                  | the Orb.
     0 | D:1      | Reached XP level 1. HP: 14/14 MP: 5/5
    55 | D:1      | Reached XP level 2. HP: 20/20 MP: 4/6
    62 | D:1      | Reached skill level 4 in Fire Magic
    63 | D:1      | Found a faded altar of an unknown god.
   138 | D:2      | Reached XP level 3. HP: 25/26 MP: 1/8
   148 | D:2      | Learned a level 2 spell: Scorch
   184 | D:2      | Found the +5 scythe "Finisher" {speed, eviscerate}
   231 | D:2      | Mangled by a gnoll

Illustrated notes

Levels and vault maps discovered:
D:1:      dpeg_arrival_round_b, layout_basic, nicolae_ecumenical_snake_handling
D:2:      layout_basic

Skill      XL: |  1  2 |
---------------+-------+-----
Fire Magic     | 4 |  4.2
Dodging        | |  2.9
Stealth        | |  1.4
Spellcasting   | |  2.9
Conjurations   | |  1.3

Action                   || total
-------------------------++-------
Melee: Unarmed           ||     6
       Scythe            ||     4
 Cast: Foxfire           ||    22
       Scorch            ||     1
Armor: Robe              ||     2
Dodge: Dodged            ||    14
